 Dungeon Crawl Stone Soup version 0.25-a0-972-g74ed164fb1 (webtiles) character file.

Game seed: 12249410899768004460, levelgen mode: deterministic

202283 Maedhros the Black Belt (level 18, -21/122 HPs)
             Began as an Octopode Artificer on May 8, 2020.
             Was an Elder of Cheibriados.
             Killed from afar by a lich (100 damage)
             ... with a crystal spear
             ... on level 3 of the Abyss on May 9, 2020.
             The game lasted 02:03:46 (17871 turns).

Maedhros the Black Belt (Octopode Artificer)       Turns: 17871, Time: 02:04:16

Health: -21/122    AC: 10    Str: 19    XL:     18   Next: 57%
Magic:  3/29       EV: 32    Int: 20    God:    Cheibriados [****..]
Gold:   222        SH: 20    Dex: 34    Spells: 1/31 levels left

rFire    + + +     SeeInvis .     - Unarmed
rCold    + + .     Gourm    .   c - +4 kite shield {rPois}
rNeg     + . .     Faith    .   C - +2 hat
rPois    +         Spirit   .   F - amulet "Lutan" {rC+ MR- Regen+ Dex+2}
rElec    +         Reflect  .   e - ring of positive energy
rCorr    .         Harm     .   y - +4 ring of protection
MR       +....                  E - ring of protection from fire
Stlth    ++++++++..             G - +3 ring of protection
HPRegen  0.70/turn              p - ring of stealth
MPRegen  0.21/turn              H - ring "Reatsosi" {rF++ Dex+3}
                                P - ring of protection from magic
                                U - ring of protection from cold

@: studying Earth Magic, very slow
A: almost no armour, stealthy swim, amphibious, 8 rings, constrict 8, camouflage
3, deterioration 1, dopey 1, mutation resistance 1, electricity resistance, weak
1, gelatinous body 1
}: 1/15 runes: decaying
a: Bend Time, Temporal Distortion, Slouch, Renounce Religion


You were on level 3 of the Abyss.
You worshipped Cheibriados.
Cheibriados was greatly pleased with you.
You were not hungry.

You visited 7 branches of the dungeon, and saw 34 of its levels.
You visited the Abyss 1 time.
You also visited: Sewer and Gauntlet.

You collected 3402 gold pieces.
You spent 3180 gold pieces at shops.

Inventory:

Hand Weapons
 a - the cursed +2 war axe of Desertification {vorpal, +Inv rPois rN+ Str-3}
   (You found it on level 1 of the Elven Halls)

   It inflicts extra damage upon your enemies.
   It affects your strength (-3).
   It protects you from poison.
   It protects you from negative energy.
   It lets you turn invisible.
   It has a curse placed upon it.
Missiles
 t - 4 throwing nets
 M - 10 poisoned darts (quivered)
 W - 16 curare-tipped darts
Armour
 c - a +4 kite shield of poison resistance (worn)
 C - a +2 hat (worn)
Jewellery
 e - a ring of positive energy (left tentacle)
 p - a ring of stealth (on tentacle)
 y - a +4 ring of protection (right tentacle)
 E - a ring of protection from fire (on tentacle)
 F - the amulet "Lutan" (around mantle) {rC+ MR- Regen+ Dex+2}
   (You found it in a Gauntlet)

   [amulet of regeneration]

   It affects your dexterity (+2).
   It protects you from cold.
   It affects your resistance to hostile enchantments.
   It increases your rate of regeneration.
 G - a +3 ring of protection (on tentacle)
 H - the ring "Reatsosi" (on tentacle) {rF++ Dex+3}
   (You bought it in a shop on level 2 of the Elven Halls)

   [ring of dexterity]

   It affects your dexterity (+3).
   It greatly protects you from fire.
 L - an uncursed ring of ice
 P - a ring of protection from magic (on tentacle)
 Q - an uncursed ring of resist corrosion
 U - a ring of protection from cold (on tentacle)
 Z - an uncursed ring of ice
Wands
 b - a wand of flame (47)
 h - a wand of polymorph (6)
 j - a wand of acid (7)
 k - a wand of paralysis (10)
 m - a wand of removedness (4)
 w - a wand of iceblast (20)
 A - a wand of digging (14)
 D - a wand of clouds (5)
 R - a wand of enslavement (5)
Scrolls
 d - 2 scrolls of summoning
 g - 8 scrolls of teleportation
 i - 7 scrolls of magic mapping
 o - 8 scrolls of amnesia
 s - a scroll of enchant weapon
 v - 3 scrolls of fog
 x - 8 scrolls of remove curse
 z - 3 scrolls of fear
 J - 5 scrolls of immolation
 K - 2 scrolls of identify
 N - 2 scrolls of silence
 S - a scroll of blinking
 Y - a scroll of holy word
Potions
 l - 7 potions of flight
 n - 7 potions of might
 q - 5 potions of brilliance
 r - 8 potions of stabbing
 u - a potion of resistance
 O - a potion of cancellation
 T - 2 potions of mutation
 V - 2 potions of lignification
 X - a potion of magic
Books
 B - a manual of Earth Magic
Miscellaneous
 I - a lightning rod (4/4)
Comestibles
 f - 30 rations


   Skills:
 - Level 10.4 Fighting
   Level 1.0 Short Blades
 - Level 14.2 Dodging
 - Level 4.0 Stealth
 - Level 15.0 Shields
 - Level 15.6 Unarmed Combat
 - Level 7.3 Spellcasting
 - Level 5.0 Summonings
 - Level 3.0 Necromancy
 - Level 8.0 Translocations
 * Level 5.8 Ice Magic
 - Level 5.0 Air Magic
 * Level 11.7 Earth Magic
 - Level 7.5 Poison Magic
 - Level 9.0 Invocations
 - Level 3.2 Evocations


You had one spell level left.
You knew the following spells:

 Your Spells              Type           Power        Failure   Level  Hunger
a - Animate Skeleton      Necr           N/A          2%          1    None
b - Apportation           Tloc           #####.       1%          1    None
c - Passage of Golubria   Tloc           N/A          3%          4    ###....
d - Olgreb's Toxic Radia  Pois           #####...     4%          4    ###....
e - Mephitic Cloud        Conj/Pois/Air  ###.....     4%          3    #......
f - Summon Lightning Spi  Summ/Air       ####....     12%         4    ###....
g - Ozocubu's Armour      Chrm/Ice       ###.....     9%          3    #......
h - Borgnjor's Vile Clut  Necr/Erth      #####.....   12%         5    #####..
i - Summon Forest         Summ/Tloc      ####......   17%         5    #####..

Your spell library contained the following spells:

 Spells                   Type           Power        Failure   Level  Hunger
 Freeze                   Ice            ####         1%          1    None
 Sting                    Tmut/Pois      ###.         1%          1    None
 Summon Butterflies       Summ           ####....     1%          1    None
 Summon Small Mammal      Summ           ####         1%          1    None
 Beastly Appendage        Tmut           #.....       9%          1    None
 Corona                   Hex            #......      9%          1    None
 Magic Dart               Conj           #...         9%          1    None
 Blink                    Tloc           N/A          1%          2    None
 Call Imp                 Summ           ####....     1%          2    None
 Passwall                 Tmut/Erth      ####....     1%          2    None
 Poisonous Vapours        Pois/Air       ####..       1%          2    None
 Gell's Gravitas          Tloc           #####.....   1%          3    #......
 Lesser Beckoning         Tloc           #####.....   1%          3    #......
 Teleport Other           Tloc           #####...     1%          3    #......
 Lee's Rapid Deconstruct  Erth           ######....   1%          5    #####..
 Shroud of Golubria       Chrm/Tloc      ###...       2%          2    None
 Frozen Ramparts          Ice            ####..       2%          3    #......
 Call Canine Familiar     Summ           ####....     3%          3    #......
 Ensorcelled Hibernation  Hex/Ice        ###...       4%          2    None
 Swiftness                Chrm/Air       ###.....     4%          2    None
 Spider Form              Tmut/Pois      ###.......   6%          3    #......
 Ignite Poison            Fire/Tmut/Pois ###.....     10%         3    #......
 Summon Guardian Golem    Hex/Summ       ###.....     10%         3    #......
 Summon Ice Beast         Ice/Summ       ####....     10%         4    ###....
 Sticks to Snakes         Tmut           #.......     14%         2    None
 Confusing Touch          Hex            #.......     26%         3    #......
 Dazzling Flash           Conj/Hex       #.....       26%         3    #......
 Tukima's Dance           Hex            #.......     26%         3    #......
 Hailstorm                Conj/Ice       ###.....     26%         4    ###....
 Ice Form                 Ice/Tmut       ###.....     26%         4    ###....
 Summon Demon             Summ           ####......   32%         5    #####..
 Bolt of Magma            Conj/Fire/Erth ###.......   45%         5    #####..
 Alistair's Intoxication  Tmut/Pois      ###.....     47%         5    #####..
 Silence                  Hex/Air        ###.......   65%         5    #####..
 Ozocubu's Refrigeration  Ice            ####......   78%         6    ######.
 Shadow Creatures         Summ           N/A          87%         6    ######.
 Simulacrum               Ice/Necr       ####......   92%         6    ######.
 Blade Hands              Tmut           #.........   94%         5    #####..
 Darkness                 Hex            #.........   100%        6    ######.
 Invisibility             Hex            #.......     100%        6    ######.


Dungeon Overview and Level Annotations

Branches:
Dungeon (15/15)            Temple (1/1) D:7            Lair (6/6) D:10
  Swamp (4/4) Lair:2        Snake (4/4) Lair:3        Slime (0/5) Lair:5
    Orc (2/2) D:12            Elf (2/3) Orc:2        Vaults (0/5) D:14
 Depths (0/5) D:15          Sewer (visited)         Gauntlet (visited)

Altars:
Ashenzari
Cheibriados
Dithmenos
Elyvilon
Fedhas
Gozag
Hepliaklqana
Makhleb
Okawaru
Qazlal
Ru
Sif Muna
Trog
Vehumet
Wu Jian
Xom
Yredelemnul
Zin
The Shining One

Shops:
D:11 *   D:14 }   Orc:2 (:%?   Elf:1 ?*??**   Elf:2 =   Snake:1 (

Portals:
Hell: Lair:6

Annotations:
D:4 2 transporters
D:8 Pikel
D:10 3 runed translucent doors, Maedhros's ghost, journeyman OpAr
D:15 3 runed translucent doors, Kirke; Rupert; pentaxis93's ghost, journeyman OpCj
Lair:5 exclusion: 3 oklob plants
Elf:2 3 runed translucent doors


Innate Abilities, Weirdness & Mutations

You cannot wear most types of armour.
You are very stealthy in the water. (Stealth+)
You are amphibious.
You can wear up to eight rings at the same time.
You can use your tentacles to constrict eight enemies at once.
Your skin perfectly mimics your surroundings (Stealth+++).
Your rubbery body absorbs attacks. (AC +1, EV +1)
Your body sometimes deteriorates upon taking damage.
You are dopey. (Int -2)
You are somewhat resistant to further mutation.
You are resistant to electric shocks. (rElec)
You are weak. (Str -2)


Message History

Unknown command.
Unknown command.
Unknown command.
You tentacle-slap the lich but do no damage.
You grab the lich. You tentacle-slap the lich!
You squeeze the lich, but do no damage.
The lich is severely damaged.
You constrict the lich, but do no damage.
You block the lich's attack. The smoke demon gestures at you.
The ball of steam misses you.
You block the dire elephant skeleton's attack.
You tentacle-slap the lich but do no damage.
Your squeeze misses the lich.
The lich is severely damaged.
You constrict the lich.
The lich points at you and mumbles some strange words.
The crystal spear hits you!!!!
Ouch! That really hurt!
You die...

... # .. #.
.. #.## . #
## ..≈#/#..)#
.)#$#†#
#3.Z###### .
#@#(....##
#[uL#§#≈.....
##%##§§#
..#.. ##
#..##... #
#....# #.# #
#....##.# . #
##.....# ....
#....### .#
#......#.. #


You could see a lich, a cyan ugly thing, a smoke demon and a dire elephant
skeleton.

Vanquished Creatures
  A thorn hunter (Swamp:4)
  The ghost of Spect the Frost Mage, an adept BaIE of Cheibriados (Elf:1)
  Donald (Elf:2)
  3 nagarajas (Snake:3)
  A deep elf sorcerer (Elf:1)
  A balrug (Abyss:3)
  A ghoul (Swamp:2)
  Azrael (D:15)
  A deep elf annihilator (Elf:1)
  A minotaur (Gauntlet)
  Snorg (D:11)
  Josephine (D:12)
  4 naga warriors
  Harold (D:8)
  A great orb of eyes (Gauntlet)
  2 ghost crabs
  Fannar (Orc:1)
  A catoblepas (Lair:5)
  2 centaur warriors
  16 hydras
  3 shambling mangroves
  6 anacondas
  2 two-headed ogres
  11 dancing weapons
  A queen ant (D:9)
  11 alligators
  5 death yaks (D:10)
  3 orc high priests (Orc:2)
  A hell hog (Abyss:3)
  3 naga sharpshooters
  9 shock serpents
  A sun demon (Lair:6)
  11 deep elf knights
  A skeletal warrior (D:10)
  A salamander mystic (Snake:3)
  4 naga ritualists
  7 sea snakes (Snake:1)
  3 spriggan druids
  3 unseen horrors
  8 swamp dragons
  A wizard (Lair:6)
  6 orc knights
  An obsidian statue (Elf:1)
  5 deep elf archers
  6 orc sorcerers
  17 ugly things
  2 salamanders
  12 mana vipers
  31 deep elf magi
  2 necromancers
  A manticore (D:15)
  A cyclops (D:14)
  10 elephants
  17 black mambas
  3 naga magi
  2 centaur zombies
  2 guardian serpents (Snake:2)
  21 spiny frogs
  2 gargoyles
  A centaur skeleton (D:10)
  Maggie (D:10)
  2 tengu conjurers
  3 rime drakes
  An efreet (D:14)
  7 komodo dragons
  3 ice devils (Lair:6)
  A yaktaur (D:10)
  3 red devils (Lair:6)
  5 trolls
  A hellwing (Lair:6)
  11 hornets
  10 tyrant leeches
  2 polar bears
  8 blink frogs
  5 slime creatures
  13 bog bodies
  A hippogriff (shapeshifter) (D:13)
  9 hippogriffs
  4 dream sheep (Lair:4)
  5 shadows
  A spriggan (shapeshifter) (Elf:1)
  7 wraiths
  7 spriggans
  A water elemental (Elf:1)
  4 wyverns
  10 fire elementals
  12 yaks
  3 basilisks
  A hog (D:15)
  2 golden eyes (Abyss:3)
  A neqoxec (Abyss:3)
  A hungry ghost (D:12)
  3 vampire mosquitoes
  6 soldier ants
  A warg (Orc:2)
  8 insubstantial wisps
  14 nagas
  5 swamp worms
  A two-headed ogre zombie (D:12)
  8 porcupines
  4 hell hounds (Lair:6)
  25 water moccasins
  An ice beast (shapeshifter) (Elf:1)
  20 orc warriors
  4 sky beasts
  2 black bears
  7 swamp drakes
  3 eyes of draining
  3 phantoms
  4 ice beasts
  14 ogres
  6 necrophages
  6 wolves (Gauntlet)
  12 centaurs
  10 bullfrogs
  12 crocodiles
  3 big kobolds
  A gnoll sergeant (D:7)
  A wyvern skeleton (D:11)
  A scorpion (D:14)
  16 killer bees
  4 wights
  9 electric eels
  4 howler monkeys
  4 crimson imps
  A quasit (D:12)
  9 hounds
  16 jellies
  25 orc wizards
  18 orc priests
  2 bullfrog skeletons
  4 iguanas
  Natasha (D:2)
  36 worker ants
  4 hell rats (Lair:6)
  A killer bee zombie (D:5)
  7 ogre zombies (D:12)
  A hound skeleton (D:7)
  A worker ant zombie (D:6)
  6 gnolls
  22 adders
  11 river rats (Sewer)
  A shadow imp (D:9)
  3 oozes
  2 adder skeletons
  An adder zombie (D:7)
  3 worms
  7 leopard geckos
  55 orcs
  3 bats
  3 giant cockroaches
  A goblin (D:2)
  4 hobgoblins
  7 jackals (D:6)
  18 kobolds
  11 quokkas
  7 ball pythons
  A ball python zombie (D:6)
  5 frilled lizards
  2 goblin skeletons (D:12)
  A goblin zombie (D:12)
  3 hobgoblin skeletons (D:12)
  2 hobgoblin zombies (D:12)
  A jackal zombie (D:8)
  A leopard gecko skeleton (D:4)
  3 orc skeletons (D:12)
  14 orc zombies (D:12)
  17 rats
  A spectral orc (D:4)
988 creatures vanquished.

Vanquished Creatures (collateral kills)
  the Lernaean hydra (Swamp:4)
  A thorn hunter (Swamp:4)
  2 naga warriors
  3 hydras
  2 alligators
  A naga sharpshooter (Snake:3)
  A sea snake (Snake:1)
  6 swamp dragons (Swamp:4)
  2 naga ritualists (Snake:3)
  A mana viper (Snake:1)
  A salamander (Snake:1)
  4 black mambas
  5 spiny frogs
  3 rime drakes (Lair:6)
  2 komodo dragons (Lair:6)
  3 bog bodies
  A tyrant leech (Swamp:4)
  2 slime creatures (Swamp:4)
  2 spriggans
  A yak (D:9)
  A vampire mosquito (Swamp:1)
  2 insubstantial wisps (Swamp:1)
  7 nagas
  A soldier ant (D:9)
  A water moccasin (Lair:6)
  3 swamp worms (Swamp:1)
  3 swamp drakes
  A crocodile (Lair:6)
  An electric eel (Snake:1)
  A crimson imp (D:5)
  2 orc priests (D:5)
  2 gnolls (D:7)
  2 orcs
71 creatures vanquished.

Vanquished Creatures (others)
  An unseen horror (D:10)
  A swamp worm (Swamp:3)
  2 killer bees (D:7)
  4 wights (D:7)
  A howler monkey (D:14)
  A gnoll (D:3)
  A river rat (Sewer)
  An orc (D:7)
  A demonic plant (Gauntlet)
  6 fungi
  17 plants
  2 withered plants (D:15)
38 creatures vanquished.

Grand Total: 1097 creatures vanquished

Notes
Turn   | Place    | Note
-------+----------+-------------------------------------------
     0 | D:1      | Maedhros the Octopode Artificer began the quest for the
                  | Orb.
     0 | D:1      | Reached XP level 1. HP: 13/13 MP: 3/3
    51 | D:1      | You fall into a shaft and drop 1 floor!
    54 | D:2      | Reached XP level 2. HP: 15/18 MP: 4/4
    62 | D:2      | Noticed Natasha
    70 | D:2      | Killed Natasha
    70 | D:2      | Reached skill level 1 in Unarmed Combat
    70 | D:2      | Reached XP level 3. HP: 21/23 MP: 5/5
   297 | D:3      | Reached XP level 4. HP: 11/28 MP: 6/6
   618 | D:3      | Found an opulent altar of Gozag.
   661 | D:3      | Reached XP level 5. HP: 19/33 MP: 7/7
   712 | D:3      | Found a shattered altar of Ashenzari.
   882 | D:3      | Found a glowing drain.
   887 | Sewer    | Entered a sewer
   987 | Sewer    | Noticed a big kobold
  1003 | Sewer    | Killed a big kobold
  1033 | Sewer    | Reached XP level 6. HP: 22/38 MP: 8/8
  1058 | Sewer    | Gained mutation: Your skin blends seamlessly with your
                  | surroundings (Stealth++). [potion of mutation]
  1058 | Sewer    | Gained mutation: Your magical capacity is low. (-10% MP)
                  | [potion of mutation]
  1058 | Sewer    | Gained mutation: Your natural rate of healing is unusually
                  | fast. [potion of mutation]
  1058 | Sewer    | HP: 1/38 [river rat (4)]
  1066 | Sewer    | Reached skill level 5 in Unarmed Combat
  1089 | Sewer    | nice, regen mutation
  1089 | Sewer    | thats a game changer
  1443 | D:3      | Reached XP level 7. HP: 43/43 MP: 8/8
  1585 | D:4      | Found a shimmering altar of Xom.
  1589 | D:4      | Found a glowing golden altar of the Shining One.
  1595 | D:4      | Became a worshipper of Xom of Chaos
  1621 | D:5      | Entered Level 5 of the Dungeon
  1707 | D:6      | XOM: butterfly on damage
  1733 | D:6      | XOM: smoke on damage
  1736 | D:6      | XOM: silly message
  1754 | D:6      | XOM: divination: magic mapping
  1756 | D:6      | XOM: silly message
  1773 | D:6      | XOM: enchant monster (good)
  1800 | D:6      | XOM: give mutations
  1800 | D:6      | Lost mutation: Your magical capacity is low. (-10% MP)
                  | [Xom's mischief]
  1800 | D:6      | Lost mutation: Your natural rate of healing is unusually
                  | fast. [Xom's mischief]
  1804 | D:6      | XOM: give mutation
  1804 | D:6      | Gained mutation: You tend to lose your temper in combat.
                  | [Xom's mischief]
  1863 | D:6      | XOM: 4-stop teleportation journey
  1876 | D:6      | lost regen mutation by xom ;/
  1885 | D:6      | XOM: give mutation
  1885 | D:6      | Gained mutation: Your mind is acute. (Int +2) [Xom's grace]
  1902 | D:6      | XOM: divination: magic mapping
  1905 | D:6      | XOM: confuse monster(s)
  2044 | D:6      | Found a stormy altar of Qazlal.
  2270 | D:5      | Reached XP level 8. HP: 35/48 MP: 10/10
  2349 | D:5      | XOM: enchant monster (good)
  2396 | D:5      | XOM: scenery: 1 doors close
  2476 | D:6      | XOM: 1-stop teleportation journey
  2595 | D:7      | nice item, 4 prot ring
  2629 | D:7      | XOM: summons friendly ufetubus
  2726 | D:7      | Found a radiant altar of Vehumet.
  2733 | D:7      | XOM: scenery: 1 doors close
  2824 | D:7      | Reached skill level 10 in Unarmed Combat
  3020 | D:4      | Found a transporter.
  3039 | D:4      | Reached XP level 9. HP: 46/54 MP: 11/11
  3084 | D:4      | Found a transporter.
  3147 | D:4      | Found a basalt altar of Yredelemnul.
  3625 | D:5      | Found a glowing silver altar of Zin.
  3992 | D:7      | Found a staircase to the Ecumenical Temple.
  4010 | Temple   | Entered the Ecumenical Temple
  4016 | Temple   | temple at 4000
  4083 | Temple   | Upgraded the game from 0.25-a0-949-gdd2af9e06e to
                  | 0.25-a0-972-g74ed164fb1
  4083 | Temple   | XOM: 5-stop teleportation journey
  4100 | Temple   | Fell from the grace of Xom
  4100 | Temple   | Became a worshipper of Cheibriados the Contemplative
  4165 | D:7      | XOM: stat loss: -3 Dex (14/17)
  4169 | D:7      | Reached skill level 5 in Dodging
  4340 | D:8      | XOM: give mutations
  4340 | D:8      | Lost mutation: Your mind is acute. (Int +2) [Xom's
                  | mischief]
  4340 | D:8      | Gained mutation: Your body sometimes deteriorates upon
                  | taking damage. [Xom's mischief]
  4345 | D:8      | Noticed a two-headed ogre
  4349 | D:8      | Killed a two-headed ogre
  4363 | D:8      | Reached * piety under Cheibriados
  4376 | D:8      | Reached skill level 5 in Fighting
  4392 | D:8      | Reached XP level 10. HP: 29/66 MP: 12/12
  4489 | D:8      | XOM: torment (27/66 hp)
  4502 | D:8      | Noticed Harold
  4529 | D:8      | Killed Harold
  4692 | D:8      | XOM: stat loss: -3 Str (11/14)
  4739 | D:8      | Reached ** piety under Cheibriados
  4787 | D:8      | Found a bloodstained altar of Trog.
  4800 | D:8      | Noticed Pikel
  5170 | D:9      | Reached skill level 10 in Dodging
  5209 | D:9      | Reached XP level 11. HP: 52/75 MP: 13/13
  5220 | D:9      | Noticed a queen ant
  5229 | D:9      | Reached *** piety under Cheibriados
  5244 | D:9      | Killed a queen ant
  5398 | D:9      | Identified a scroll of acquirement
  5399 | D:9      | Identified the +1 triple sword of Dividends {drain, rC-
                  | MP+9 Dex+7} (You acquired it on level 9 of the Dungeon)
  5477 | D:9      | Learned a level 1 spell: Animate Skeleton
  5479 | D:9      | Learned a level 1 spell: Apportation
  5492 | D:9      | Reached **** piety under Cheibriados
  5512 | D:9      | XOM: silly message
  5650 | D:10     | Entered Level 10 of the Dungeon
  5657 | D:10     | Killed an unseen horror
  5657 | D:10     | Reached skill level 1 in Invocations
  5680 | D:10     | Noticed a skeletal warrior
  5680 | D:10     | Noticed a centaur warrior
  5710 | D:10     | Killed a skeletal warrior
  5721 | D:10     | Killed an unseen horror
  5725 | D:10     | Killed a centaur warrior
  5820 | D:10     | Found a runed translucent gate.
  5820 | D:10     | Found a runed translucent gate.
  5820 | D:10     | Found an opulent altar of Gozag.
  5820 | D:10     | XOM: 3-stop teleportation journey
  5821 | D:10     | Noticed a four-headed hydra
  5821 | D:10     | Found a runed translucent gate.
  5821 | D:10     | Noticed an orc knight
  5821 | D:10     | Noticed Maedhros's ghost (journeyman OpAr)
  5821 | D:10     | Noticed a yaktaur captain
  5831 | D:10     | Noticed a death yak
  5974 | D:10     | Reached skill level 5 in Invocations
  5986 | D:10     | Noticed a death yak
  6009 | D:10     | XOM: silly message
  6013 | D:10     | Noticed an orc knight
  6165 | D:10     | Noticed a death yak
  6211 | D:10     | Noticed a death yak
  6213 | D:10     | Noticed a death yak
  6219 | D:10     | Killed a death yak
  6219 | D:10     | Reached XP level 12. HP: 84/84 MP: 16/16
  6225 | D:10     | Killed a death yak
  6231 | D:10     | Killed a death yak
  6238 | D:10     | Killed a death yak
  6244 | D:10     | Killed a death yak
  6271 | D:10     | Found a staircase to the Lair.
  6284 | D:10     | Noticed Maggie
  6292 | D:10     | Killed Maggie
  6441 | D:11     | Found Zoupsig's Elemental Accessories.
  6469 | D:11     | XOM: noise
  6551 | D:11     | Lost mutation: Your body sometimes deteriorates upon taking
                  | damage. [potion of mutation]
  6551 | D:11     | Lost mutation: You tend to lose your temper in combat.
                  | [potion of mutation]
  6551 | D:11     | Gained mutation: You are resistant to electric shocks.
                  | (rElec) [potion of mutation]
  6551 | D:11     | Gained mutation: Your skin perfectly mimics your
                  | surroundings (Stealth+++). [potion of mutation]
  6551 | D:11     | Gained mutation: You are partially covered in icy blue
                  | scales. (AC +2) [potion of mutation]
  6630 | D:11     | Noticed Snorg
  6653 | D:11     | Killed Snorg
  6673 | D:12     | Noticed Josephine
  6678 | D:12     | Killed Josephine
  6765 | D:12     | Reached skill level 1 in Earth Magic
  6785 | D:12     | Reached XP level 13. HP: 89/92 MP: 19/19
  6829 | D:12     | Reached ***** piety under Cheibriados
  6875 | D:12     | Found a staircase to the Orcish Mines.
  7066 | D:12     | Reached skill level 10 in Fighting
  7113 | D:12     | XOM: give mutation
  7113 | D:12     | Lost mutation: You are partially covered in icy blue
                  | scales. (AC +2) [Xom's mischief]
  7193 | D:13     | XOM: 11-stop teleportation journey
  7240 | D:13     | XOM: give mutations
  7240 | D:13     | Gained mutation: You are somewhat resistant to further
                  | mutation. [Xom's mischief]
  7240 | D:13     | Gained mutation: You are weak. (Str -2) [Xom's mischief]
  7240 | D:13     | Gained mutation: You are very weak. (Str -4) [Xom's
                  | mischief]
  7240 | D:13     | Gained mutation: Your body sometimes deteriorates upon
                  | taking damage. [Xom's mischief]
  7258 | D:13     | XOM: summons 7 hostile demons
  7276 | D:14     | Found Kawiewka's Gadget Shop.
  7281 | D:14     | Bought a wand of acid (11) for 390 gold pieces
  7281 | D:14     | Bought a box of beasts for 260 gold pieces
  7381 | D:14     | Found a gate leading to a gauntlet.
  7415 | Gauntlet | Entered a Gauntlet
  7415 | Gauntlet | Found a transporter.
  7415 | Gauntlet | Found a runed translucent gate.
  7415 | Gauntlet | Found a runed translucent door.
  7415 | Gauntlet | Found a transporter.
  7416 | Gauntlet | Found a runed translucent door.
  7417 | Gauntlet | Found a runed translucent gate.
  7417 | Gauntlet | Found a transporter.
  7417 | Gauntlet | Found a transporter.
  7418 | Gauntlet | Found a runed translucent gate.
  7420 | Gauntlet | Found a transporter.
  7469 | Gauntlet | Found a transporter.
  7469 | Gauntlet | Found a transporter.
  7471 | Gauntlet | Found a transporter.
  7473 | Gauntlet | Found a runed translucent door.
  7473 | Gauntlet | Found a runed translucent door.
  7483 | Gauntlet | Found a transporter.
  7496 | Gauntlet | Noticed a great orb of eyes
  7499 | Gauntlet | Found a transporter.
  7509 | Gauntlet | Found a transporter.
  7523 | Gauntlet | Found a transporter.
  7543 | Gauntlet | Found a transporter.
  7611 | Gauntlet | XOM: noise
  7651 | Gauntlet | Found a transporter.
  7681 | Gauntlet | Got a heavily runed ivory amulet
  7690 | Gauntlet | Identified the amulet "Lutan" {rC+ MR- Regen+ Dex+2} (You
                  | found it in a Gauntlet)
  7763 | Gauntlet | Killed a great orb of eyes
  7777 | Gauntlet | Reached skill level 5 in Earth Magic
  7820 | Gauntlet | Noticed a minotaur
  7831 | Gauntlet | Killed a minotaur
  7979 | D:14     | Reached skill level 1 in Shields
  8011 | D:14     | XOM: noise
  8110 | D:14     | Found a sacrificial altar of Ru.
  8320 | Orc:1    | Entered Level 1 of the Orcish Mines
  8366 | Orc:1    | Learned a level 4 spell: Passage of Golubria
  8380 | Orc:1    | XOM: blink monster(s)
  8456 | Orc:2    | Entered Level 2 of the Orcish Mines
  8486 | Orc:1    | Noticed Fannar
  8497 | Orc:1    | Killed Fannar
  8497 | Orc:1    | Reached skill level 1 in Translocations
  8631 | Orc:2    | Found a staircase to the Elven Halls.
  8674 | Orc:2    | Reached skill level 5 in Shields
  8873 | Orc:2    | Found Ininef's Book Boutique.
  8873 | Orc:2    | Found Hiuxzuav's Antique Weapon Boutique.
  8876 | Orc:2    | Reached XP level 14. HP: 90/99 MP: 14/20
  8908 | Orc:2    | Found Rirot's Magic Scroll Shoppe.
  8908 | Orc:2    | Found Cuugeo Uptou's Food Shoppe.
  8944 | Orc:2    | Bought a Young Poisoner's Handbook for 640 gold pieces
  8949 | Orc:2    | Learned a level 4 spell: Olgreb's Toxic Radiance
  8953 | Orc:2    | Learned a level 3 spell: Mephitic Cloud
  9226 | Lair:1   | Entered Level 1 of the Lair of Beasts
  9254 | Lair:1   | XOM: 2-stop teleportation journey
  9266 | Lair:1   | XOM: 4-stop teleportation journey
  9369 | Lair:1   | Reached skill level 1 in Poison Magic
  9375 | Lair:1   | Reached ****** piety under Cheibriados
  9410 | Lair:1   | XOM: give mutations
  9410 | Lair:1   | Gained mutation: You are dopey. (Int -2) [Xom's mischief]
  9410 | Lair:1   | Gained mutation: Scrolls take you a little longer to read.
                  | [Xom's mischief]
  9410 | Lair:1   | Lost mutation: You are very weak. (Str -4) [Xom's mischief]
  9410 | Lair:1   | Lost mutation: Scrolls take you a little longer to read.
                  | [Xom's mischief]
  9607 | Lair:2   | XOM: god gift: 39 gold pieces
  9649 | Lair:2   | Found a staircase to the Swamp.
  9739 | Lair:2   | XOM: summons 2 hostile demons
 10039 | Lair:5   | XOM: 1-stop teleportation journey
 10151 | Lair:3   | XOM: 1-stop teleportation journey
 10249 | Lair:3   | XOM: stat loss: -2 Str (22/24)
 10361 | Lair:3   | Found a staircase to the Snake Pit.
 10394 | Snake:1  | Entered Level 1 of the Snake Pit
 10498 | Snake:1  | Reached skill level 5 in Poison Magic
 10583 | Snake:1  | Reached skill level 5 in Translocations
 10617 | Snake:1  | Reached XP level 15. HP: 69/105 MP: 21/21
 10704 | Snake:1  | Found Fiav's Weapon Shop.
 10973 | Snake:2  | XOM: summons 14 hostile demons
 11097 | Snake:2  | Reached skill level 10 in Shields
 11707 | Snake:3  | XOM: 3-stop teleportation journey
 11707 | Snake:3  | Was forgiven by Xom
 11758 | Snake:3  | Noticed a nagaraja
 11764 | Snake:3  | Killed a nagaraja
 11786 | Snake:4  | Entered Level 4 of the Snake Pit
 11919 | Snake:3  | Noticed a nagaraja
 11931 | Snake:3  | Killed a nagaraja
 11931 | Snake:3  | Reached skill level 1 in Necromancy
 12161 | Snake:3  | Noticed a nagaraja
 12173 | Snake:3  | Killed a nagaraja
 12173 | Snake:3  | Reached XP level 16. HP: 40/110 MP: 22/22
 12798 | Lair:5   | Found a staircase to the Slime Pits.
 12931 | Lair:5   | Reached skill level 1 in Spellcasting
 13061 | Lair:6   | Entered Level 6 of the Lair of Beasts
 13078 | Lair:6   | Reached skill level 15 in Unarmed Combat
 13291 | Lair:6   | Found a burning altar of Makhleb.
 13332 | Lair:6   | Found a gateway to Hell.
 13426 | Lair:6   | Learned a level 4 spell: Summon Lightning Spire
 13496 | Lair:6   | Found a hazy altar of Hepliaklqana.
 13784 | Swamp:1  | Entered Level 1 of the Swamp
 14047 | Swamp:1  | Reached skill level 5 in Spellcasting
 14534 | Swamp:2  | Reached XP level 17. HP: 96/116 MP: 26/26
 15126 | Swamp:4  | Entered Level 4 of the Swamp
 15296 | Swamp:3  | Reached skill level 1 in Air Magic
 15344 | Swamp:4  | Reached skill level 1 in Summonings
 15576 | Swamp:4  | Noticed the 27-headed Lernaean hydra
 15578 | Swamp:4  | Killed the 27-headed Lernaean hydra
 15725 | Swamp:4  | Got a decaying rune of Zot
 16099 | Elf:1    | Entered Level 1 of the Elven Halls
 16184 | D:11     | Bought the Tome of Cold for 742 gold pieces
 16188 | D:11     | Learned a level 3 spell: Ozocubu's Armour
 16194 | D:11     | Learned a level 5 spell: Borgnjor's Vile Clutch
 16353 | D:14     | Found a gate to the Vaults.
 16412 | D:15     | Entered Level 15 of the Dungeon
 16412 | D:15     | Found a blossoming altar of Fedhas.
 16415 | D:15     | Noticed Azrael
 16492 | D:15     | Killed Azrael
 16515 | D:15     | Noticed Kirke
 16529 | D:15     | Found a runed translucent gate.
 16529 | D:15     | Found a runed translucent gate.
 16529 | D:15     | Found a runed translucent gate.
 16529 | D:15     | Noticed pentaxis93's ghost (journeyman OpCj)
 16653 | D:15     | Found a staircase to the Depths.
 16686 | D:15     | Noticed a sphinx
 16699 | D:15     | Noticed Rupert
 16826 | Elf:1    | Reached skill level 5 in Air Magic
 16833 | Elf:1    | Reached skill level 5 in Summonings
 16866 | Elf:1    | Reached XP level 18. HP: 110/122 MP: 29/29
 16890 | Elf:1    | Found Qahooss's Magic Scroll Boutique.
 16891 | Elf:1    | Found Aloyggoi's Assorted Antiques.
 16928 | Elf:1    | Got a brightly glowing war axe
 16929 | Elf:1    | Identified the cursed +2 war axe of Desertification
                  | {vorpal, +Inv rPois rN+ Str-3} (You found it on level 1 of
                  | the Elven Halls)
 16933 | Elf:1    | Found Piecsoed's Magic Scroll Shoppe.
 16944 | Elf:1    | Bought a scroll of blinking for 105 gold pieces
 17039 | Elf:1    | Reached skill level 1 in Ice Magic
 17096 | Elf:1    | Found Aneason's Magic Scroll Emporium.
 17299 | Elf:1    | Identified the Almanac of Conjuration and Calling
 17307 | Elf:1    | Learned a level 5 spell: Summon Forest
 17392 | Elf:1    | Reached skill level 15 in Shields
 17403 | Elf:1    | Found Tioseoch's Assorted Antiques.
 17404 | Elf:1    | Found a runed translucent gate.
 17404 | Elf:1    | Found a runed translucent gate.
 17404 | Elf:1    | Found an opulent altar of Gozag.
 17404 | Elf:1    | Found a runed translucent gate.
 17407 | Elf:1    | Found Esaetoh's Assorted Antiques.
 17407 | Elf:1    | Noticed Spect's ghost (adept BaIE)
 17419 | Elf:1    | Reached skill level 10 in Earth Magic
 17455 | Elf:1    | Killed Spect's ghost
 17567 | Elf:1    | Bought a wand of iceblast (6) for 112 gold pieces
 17570 | Elf:1    | Bought a twisted ivory wand for 112 gold pieces
 17570 | Elf:1    | Bought a wand of acid (6) for 224 gold pieces
 17678 | Elf:1    | Bought a scroll of teleportation for 51 gold pieces
 17678 | Elf:1    | Bought a scroll of teleportation for 51 gold pieces
 17678 | Elf:1    | Bought a scroll of teleportation for 51 gold pieces
 17699 | Elf:2    | Found Osask's Jewellery Shoppe.
 17705 | Elf:2    | Bought the ring "Reatsosi" {rF++ Dex+3} for 442 gold pieces
 17737 | Elf:2    | Found a runed translucent gate.
 17737 | Elf:2    | Found a runed translucent gate.
 17737 | Elf:2    | Found a runed translucent gate.
 17815 | Elf:2    | Reached skill level 5 in Ice Magic
 17835 | Elf:2    | Noticed Donald
 17845 | Elf:2    | Killed Donald
 17855 | Elf:2    | Cast into level 3 of the Abyss (a deep elf sorcerer)
 17867 | Abyss:3  | Noticed a lich
 17871 | Abyss:3  | Killed from afar by a lich

Illustrated notes

Levels and vault maps discovered:
D:1:      saegor_arrival_simple_b, layout_basic, minivault_27,
          minmay_heptomino_h4
D:2:      layout_basic, uniq_natasha
D:3:      layout_loops_ring, grunt_gozag_breadcrumbs, evilmike_ruin_ashenzari,
          portal_sewer_entry_e
D:4:      gammafunk_wand_slinger, layout_cave_pools,
          yredelemnul_forgotten_temple_becter, minitemple,
          kennysheep_flooded_box, minmay_joined_circles
D:5:      layout_basic, zin_scriptorium, first_ration, glass_columns_a
D:6:      layout_layer_cave, nicolae_overflow_hidden_temple
D:7:      layout_basic, fiery_altar_vehumet, temple_statues
D:8:      layout_loops_corners, bloody_trog, blue_anna_alchemist
          [blue_anna_fruit_fields, blue_anna_fruit_fields], minmay_circle_x,
          uniq_harold, uniq_pikel
D:9:      layout_loops_cross, zaba_antful_of_joy
D:10:     layout_roguey, dpeg_lair_monsters, ebering_ghost_gozag,
          minmay_door_square, minmay_misc_feat_columns, minivault_28,
          uniq_maggie
D:11:     layout_cave_pools, nicolae_elemental_shop, uniq_snorg
D:12:     layout_loops_ring, zombieorc2_lemuel, minivault_5, uniq_josephine
D:13:     layout_loops_ring
D:14:     layout_layer_cave, erik_vaults_1, serial_shops,
          nicolae_shop_waterfront, gauntlet_entry_generic,
          nicolae_ru_awakened_eye
D:15:     gammafunk_depths_entry_grave, layout_irregular_city, fedhas_altar_2,
          ebering_ghost_rock_garden, uniq_rupert, uniq_kirke, uniq_azrael
Temple:   nicolae_temple_figure_eight
Lair:1:   layout_cave_pods
Lair:2:   layout_chaotic_city, nicolae_swamp_entry_splash_gauntlet
Lair:3:   layout_layer_cave, minmay_snake_entry_six_corridors
Lair:4:   layout_regular_city, nicolae_quartered_pool_medium
Lair:5:   layout_roguey, minmay_slime_entry_jelly_boxes, beast_lair_carwin_8,
          serial_bayou_shore_b, minmay_lair_oklob_chamber
Lair:6:   evil_forest, layout_long_grid, basic_altar, fungi_pond_lemuel,
          serial_bayou_lagoon_b
Swamp:1:  layout_basic_swamp, evilmike_swamp_ruin_house_3
Swamp:2:  layout_basic_swamp, evilmike_swamp_ruin_house_1,
          hangedman_swamp_ravenous, infiniplex_staircase_pool
Swamp:3:  layout_basic_swamp, evilmike_swamp_ruin_rubble_1
Swamp:4:  swamp_alternative, layout_basic_swamp, swamp_pool3,
          nicolae_swamp_alligator_family, infiniplex_staircase_pool_2
Snake:1:  layout_basic, serial_shops, nicolae_shop_stone,
          nicolae_snake_linked_coils, lemuel_fruit_tree
Snake:2:  nicolae_snake_nest, layout_honeycomb, serial_bayou_pond_d, drop_trap
Snake:3:  layout_onion
Snake:4:  snake_pit, layout_misc_corridors, uniq_vashnia
Orc:1:    layout_diamond_mine, uniq_fannar
Orc:2:    st_orc_elflike, layout_diamond_mine
Elf:1:    eino_elf_arrival_shootout, layout_geoelf_diagonals,
          ebering_ghost_gozag, serial_shops, shop_scrolls, shop_scrolls, shop,
          nicolae_shop_crystal, minmay_elf_sorcery
Elf:2:    layout_loops_cross, serial_shops, shop, minivault_25_ag, uniq_donald,
          uniq_roxanne
Abyss:3:  base: D:9, hangedman_classic_abyss_death,
          nicolae_abyss_rune_left_handed

Skill      XL: |  1  2  3  4  5  6  7  8  9 10 11 12 13 14 15 16 17 18 |
---------------+-------------------------------------------------------+-----
Stealth        | 2 4 |  4.0
Unarmed Combat | 1 2 3 4 6 8 10 11 13 14 15 | 15.6
Dodging        | 3 7 10 12 13 14 | 14.2
Fighting       | 5 7 8 9 10 | 10.4
Invocations    | 5 9 |  9.0
Earth Magic    | 1 6 8 11 | 11.7
Shields        | 5 9 11 13 14 15 | 15.0
Translocations | 2 5 8 |  8.0
Poison Magic   | 5 7 |  7.5
Necromancy     | 1 3 |  3.0
Spellcasting   | 6 7 |  7.3
Air Magic      | 5 |  5.0
Summonings     | 5 |  5.0
Ice Magic      | 5 |  5.8
Short Blades   | |  1.0
Evocations     | |  3.2

Action                   |  1- 3 |  4- 6 |  7- 9 | 10-12 | 13-15 | 16-18 || total
-------------------------+-------+-------+-------+-------+-------+-------++-------
Melee: Short sword       |    24 |     7 |       |       |       |       ||    31
       Tentacles         |     3 |    27 |    46 |   132 |   367 |   393 ||   968
       Constrict         |     2 |    37 |    56 |    85 |   150 |   145 ||   475
       Unarmed           |       |   136 |   264 |   481 |   876 |   922 ||  2679
       Punch             |       |     4 |    15 |    60 |   171 |   243 ||   493
Throw: Dart              |       |       |       |       |     1 |     2 ||     3
 Cast: Apportation       |       |       |       |       |    51 |    44 ||    95
       Animate Skeleton  |       |       |       |       |    44 |    41 ||    85
       Mephitic Cloud    |       |       |       |       |     2 |     2 ||     4
       Passage of Golubr |       |       |       |       |     1 |       ||     1
       Summon Lightning  |       |       |       |       |       |     8 ||     8
Invok: Slouch            |       |       |       |     6 |    13 |    23 ||    42
       Temporal Distorti |       |       |       |     1 |     2 |     2 ||     5
       Step From Time    |       |       |       |       |     1 |       ||     1
Evoke: Wand              |     4 |    20 |    41 |    36 |    23 |    42 ||   166
       Lightning rod     |       |       |       |       |     3 |       ||     3
       Box of beasts     |       |       |       |       |     1 |       ||     1
       Phantom mirror    |       |       |       |       |       |     1 ||     1
  Use: Potion            |       |     5 |     6 |    11 |     4 |     9 ||    35
       Scroll            |       |       |    10 |     3 |    16 |    16 ||    45
 Stab: Sleeping          |     5 |     8 |    17 |    15 |    35 |    42 ||   122
       Paralysed         |       |     1 |       |       |       |       ||     1
       Betrayed ally     |       |       |     2 |       |       |       ||     2
       Confused          |       |       |     1 |       |     2 |     3 ||     6
       Distracted        |       |       |     1 |       |     5 |    13 ||    19
       Fleeing           |       |       |       |       |     1 |       ||     1
  Eat: Chunk             |       |     2 |    10 |     5 |    13 |     9 ||    39
       Ration            |       |       |       |       |     2 |     3 ||     5
Armor: Skin              |     1 |    30 |    25 |    81 |    61 |    52 ||   250
Dodge: Dodged            |    11 |   137 |   158 |   274 |   769 |   607 ||  1956
Block: Kite shield       |       |       |       |       |   536 |   736 ||  1272

Table legend:
 A = Non-vault XP
 B = Vault XP
 C = Vault XP percentage of total XP
 D = Non-vault monster count
 E = Vault monster count
 F = Vault count percentage of total count
                 A         B        C        D         E       F
            +---------+---------+-------+---------+---------+-------
      Total |  189379 |   96330 |  33.7 |     719 |     343 |  32.3
            +---------+---------+-------+---------+---------+-------
        D:1 |       8 |       0 |   0.0 |       2 |       0 |   0.0
        D:2 |      29 |      35 |  54.7 |      10 |       1 |   9.1
        D:3 |     156 |       0 |   0.0 |      22 |       0 |   0.0
        D:4 |     335 |     107 |  24.2 |      11 |      10 |  47.6
        D:5 |     316 |       0 |   0.0 |      15 |       0 |   0.0
        D:6 |     621 |       0 |   0.0 |      21 |       0 |   0.0
        D:7 |    1132 |       0 |   0.0 |      35 |       0 |   0.0
        D:8 |    2378 |    1246 |  34.4 |      26 |       4 |  13.3
        D:9 |    2176 |    2544 |  53.9 |      37 |      34 |  47.9
       D:10 |    3288 |    8999 |  73.2 |      26 |      18 |  40.9
       D:11 |    3609 |    1168 |  24.5 |      24 |       1 |   4.0
       D:12 |    2901 |    3349 |  53.6 |      18 |      42 |  70.0
       D:13 |    2405 |       0 |   0.0 |      12 |       0 |   0.0
       D:14 |    6885 |    1808 |  20.8 |      22 |       2 |   8.3
       D:15 |    5950 |    3450 |  36.7 |      11 |      10 |  47.6
     Lair:1 |    3593 |       0 |   0.0 |      19 |       0 |   0.0
     Lair:2 |    1456 |     707 |  32.7 |       6 |       4 |  40.0
     Lair:3 |    6103 |    1830 |  23.1 |      16 |      17 |  51.5
     Lair:4 |    4674 |       0 |   0.0 |      19 |       0 |   0.0
     Lair:5 |    6314 |    3559 |  36.0 |      19 |      22 |  53.7
     Lair:6 |    8141 |    8019 |  49.6 |      29 |      26 |  47.3
    Swamp:1 |   12544 |       0 |   0.0 |      35 |       0 |   0.0
    Swamp:2 |    9450 |    3899 |  29.2 |      26 |      13 |  33.3
    Swamp:3 |    7657 |    2413 |  24.0 |      20 |       3 |  13.0
    Swamp:4 |   15018 |   15341 |  50.5 |      30 |      22 |  42.3
    Snake:1 |   17362 |       0 |   0.0 |      38 |       0 |   0.0
    Snake:2 |   18414 |       0 |   0.0 |      36 |       0 |   0.0
    Snake:3 |   15938 |       0 |   0.0 |      29 |       0 |   0.0
    Snake:4 |    1616 |       0 |   0.0 |       5 |       0 |   0.0
      Orc:1 |    1852 |     991 |  34.9 |      29 |       1 |   3.3
      Orc:2 |    2560 |    8404 |  76.7 |      29 |      25 |  46.3
      Elf:1 |   14631 |   16850 |  53.5 |      25 |      23 |  47.9
      Elf:2 |    9867 |    3879 |  28.2 |      17 |       3 |  15.0
    Abyss:3 |       0 |    3071 | 100.0 |       0 |       5 | 100.0
      Sewer |       0 |     403 | 100.0 |       0 |      46 | 100.0
   Gauntlet |       0 |    4258 | 100.0 |       0 |      11 | 100.0
            +---------+---------+-------+---------+---------+-------
